 Dungeon Crawl Stone Soup version 0.22-a0-433-gd2a9cce0b5 (webtiles) character file.

5185956 AnimeWaifu the Ruinous (level 27, 130/130 (134) HPs)
             Began as a Felid Fire Elementalist on May 27, 2018.
             Was a High Priest of Sif Muna.
             Escaped with the Orb
             ... and 10 runes on May 28, 2018!
             The game lasted 07:18:05 (160553 turns).

AnimeWaifu the Ruinous (Felid Fire Elementalist)  Turns: 160553, Time: 07:18:06

HP:   130/130 (134) AC:  9    Str:  4    XL:     27
MP:   48/48         EV: 37    Int: 34    God:    Sif Muna [*****.]
Gold: 5261          SH:  0    Dex: 19    Spells: 2/67 levels left
                                        Lives: 2   Deaths: 4

rFire    + . .     SeeInvis +   (weapon unavailable)
rCold    + + .     Gourm    .   (shield unavailable)
rNeg     . . .     Faith    .   (armour unavailable)
rPois    +         Spirit   .   (helmet unavailable)
rElec    +         Reflect  .   (cloak unavailable)
rCorr    .         Harm     .   (gloves unavailable)
MR       +++++                  (boots unavailable)
Stlth    +++.......             s - amulet "Jettudy" {RegenMP rF+ Int+4}
HPRegen  0.31/turn              A - ring of the Mage {Wiz MR++ Int+3}
MPRegen  0.56/turn              y - ring "Gotabrat" {rElec rPois EV+1 Slay+3 SInv}

@: studying Evocations, divine energy, deflect missiles, quick
A: very small, no armour, no weapons or thrown items, stealth, claws 1, fangs 3,
icy blue scales 1, iridescent scales 1, yellow scales 1, see invisible,
carnivore, cold resistance 1, speed 1, poison resistance, shaggy fur 3, slow
metabolism 1, wild magic 1, sharp paws
0: Orb of Zot
}: 10/15 runes: decaying, slimy, silver, abyssal, demonic, glowing, magical,
fiery, dark, gossamer
a: Stop Divine Energy, Channel Magic, Forget Spell, Renounce Religion


You escaped.
You worshipped Sif Muna.
Sif Muna was extremely pleased with you.
You were not hungry.

You visited 14 branches of the dungeon, and saw 60 of its levels.
You visited Pandemonium 3 times, and saw 32 of its levels.
You visited the Abyss 3 times.
You also visited: Ice Cave.

You collected 9629 gold pieces.
You spent 4368 gold pieces at shops.

Inventory:

Jewellery
 p - an uncursed ring of resist corrosion
 r - the ring "Iplofozi" {rElec rPois rC+ Dex-3 SInv}
   (You bought it in a shop on level 8 of the Dungeon)

   [ring of protection from cold]

   It affects your dexterity (-3).
   It protects you from cold.
   It insulates you from electricity.
   It protects you from poison.
   It lets you see invisible.
 s - the amulet "Jettudy" (around neck) {RegenMP rF+ Int+4}
   (You found it on level 9 of the Dungeon)

   [amulet of magic regeneration]

   It increases your magic regeneration.
   It affects your intelligence (+4).
   It protects you from fire.
 y - the ring "Gotabrat" (right paw) {rElec rPois EV+1 Slay+3 SInv}
   (You took it off a frost giant on level 3 of the Vaults)

   [ring of evasion]

   It affects your evasion (+1).
   It affects your accuracy and damage with ranged weapons and melee attacks
   (+3).
   It insulates you from electricity.
   It protects you from poison.
   It lets you see invisible.
 z - the ring of Neurosis {rF+ Dex+3}
   (You found it on level 10 of the Dungeon)

   [ring of dexterity]

   It affects your dexterity (+3).
   It protects you from fire.
 A - the ring of the Mage (left paw) {Wiz MR++ Int+3}
   (You found it on level 13 of the Dungeon)

   [ring of wizardry]

   It improves your spell success rate.
   It affects your intelligence (+3).
   It affects your resistance to hostile enchantments.
 U - the ring "Had Pugot" {rC++ Dex+3 Slay+3 SInv Stlth-}
   (You took it off a red devil in Pandemonium)

   [ring of slaying]

   It affects your dexterity (+3).
   It affects your accuracy and damage with ranged weapons and melee attacks
   (+3).
   It greatly protects you from cold.
   It lets you see invisible.
   It makes you less stealthy.
Wands
 k - a wand of acid (32)
 v - a wand of clouds (22)
 x - a wand of flame (20)
 H - a wand of scattershot (3)
 K - a wand of digging (33)
 L - a wand of iceblast (41)
Scrolls
 e - 28 scrolls of teleportation
 f - 13 scrolls of amnesia
 g - 9 scrolls of fear
 i - 13 scrolls of fog
 q - 35 scrolls of identify
 t - 36 scrolls of remove curse
 C - 3 scrolls of silence
 D - 7 scrolls of summoning
 E - 3 scrolls of blinking
 G - 7 scrolls of immolation
 I - 4 scrolls of holy word
 M - a scroll of magic mapping
Potions
 a - 3 potions of haste
 c - 12 potions of lignification
 d - 4 potions of resistance
 h - 30 potions of curing
 j - 3 potions of ambrosia
 l - 8 potions of flight
 m - 13 potions of agility
 n - 3 potions of magic
 o - 7 potions of brilliance
 u - 4 potions of mutation
 w - 6 potions of cancellation
 B - 13 potions of might
 J - 2 potions of invisibility
 P - 6 potions of heal wounds
Books
 F - a manual of Evocations
Miscellaneous
 R - a crystal ball of energy
Comestibles
 b - 17 rations


   Skills:
 - Level 20.0 Fighting
 - Level 20.0 Dodging
 - Level 15.0 Stealth
 + Level 20.6 Spellcasting
 - Level 23.3 Conjurations
 - Level 15.0 Charms
 + Level 16.2 Necromancy
 - Level 15.0 Translocations
 + Level 7.7 Transmutations
 - Level 22.3 Fire Magic
 - Level 20.0 Ice Magic
 - Level 8.0 Air Magic
   Level 12.4 Earth Magic
 - Level 15.0 Invocations


You had 2 spell levels left.
You knew the following spells:

 Your Spells              Type           Power        Failure   Level  Hunger
a - Apportation           Tloc           ######       1%          1    None
b - Glaciate              Conj/Ice       ########..   8%          9    #####..
c - Deflect Missiles      Chrm/Air       #######...   1%          6    None
d - Necromutation         Tmut/Necr      ########..   22%         8    ####...
e - Regeneration          Chrm/Necr      ########..   1%          3    None
g - Bolt of Fire          Conj/Fire      ########..   1%          6    None
h - Orb of Destruction    Conj           ########..   1%          7    None
i - Fire Storm            Conj/Fire      ########..   4%          9    #####..
B - Controlled Blink      Tloc           N/A          7%          8    ####...
D - Death's Door          Chrm/Necr      ########..   6%          8    ####...

Your spell library contained the following spells:

 Spells                   Type           Power        Failure   Level  Hunger
 Cause Fear               Hex            #####.....   5%          4    None
 Magic Dart               Conj           ####         1%          1    None
 Fireball                 Conj/Fire      ########..   1%          5    None
 Conjure Flame            Conj/Fire      ########     1%          3    None
 Bolt of Cold             Conj/Ice       ########..   1%          6    None
 Lightning Bolt           Conj/Air       ########..   1%          5    None
 Bolt of Magma            Conj/Fire/Erth ########..   1%          5    None
 Slow                     Hex            #####...     1%          2    None
 Confuse                  Hex            #####...     1%          3    None
 Invisibility             Hex            #####...     52%         6    None
 Throw Flame              Conj/Fire      ######       1%          2    None
 Throw Frost              Conj/Ice       ######       1%          2    None
 Freezing Cloud           Conj/Ice/Air   ########..   1%          6    None
 Mephitic Cloud           Conj/Pois/Air  #######.     1%          3    None
 Ring of Flames           Chrm/Fire      ########..   1%          7    None
 Venom Bolt               Conj/Pois      #######...   1%          5    None
 Olgreb's Toxic Radiance  Pois           #####...     5%          4    None
 Teleport Other           Tloc           ########     1%          3    None
 Summon Small Mammal      Summ           ####         1%          1    None
 Bolt of Draining         Conj/Necr      ########..   1%          5    None
 Lehudib's Crystal Spear  Conj/Erth      ########..   2%          8    ####...
 Blink                    Tloc           N/A          1%          2    None
 Iskenderun's Mystic Bla  Conj           ########     1%          4    None
 Summon Horrible Things   Summ           #####.....   100%        8    ####...
 Animate Dead             Necr           N/A          1%          4    None
 Pain                     Necr           ####         1%          1    None
 Animate Skeleton         Necr           N/A          1%          1    None
 Vampiric Draining        Necr           ########..   1%          3    None
 Haunt                    Necr/Summ      #######...   14%         7    None
 Borgnjor's Revivificati  Necr           ########..   4%          8    ####...
 Freeze                   Ice            ####         1%          1    None
 Ozocubu's Refrigeration  Ice            ########..   1%          6    None
 Sticky Flame             Conj/Fire      ########     1%          4    None
 Summon Ice Beast         Ice/Summ       #######.     1%          4    None
 Ozocubu's Armour         Chrm/Ice       ########     1%          3    None
 Call Imp                 Summ           #####...     1%          2    None
 Dispel Undead            Necr           ########     1%          5    None
 Poison Arrow             Conj/Pois      #######...   1%          6    None
 Sting                    Conj/Pois      ####         1%          1    None
 Sublimation of Blood     Necr           ########..   1%          2    None
 Tukima's Dance           Hex            #####...     1%          3    None
 Summon Demon             Summ           #####.....   14%         5    None
 Summon Greater Demon     Summ           #####.....   96%         7    None
 Corpse Rot               Necr           N/A          1%          2    None
 Iron Shot                Conj/Erth      ########..   1%          6    None
 Stone Arrow              Conj/Erth      ######       1%          3    None
 Shock                    Conj/Air       ####         1%          1    None
 Swiftness                Chrm/Air       #######.     1%          2    None
 Recall                   Summ/Tloc      N/A          1%          3    None
 Agony                    Necr           ########     1%          5    None
 Spider Form              Tmut/Pois      ######....   1%          3    None
 Blade Hands              Tmut           #######...   1%          5    None
 Statue Form              Tmut/Erth      #######..    1%          6    None
 Ice Form                 Ice/Tmut       ########     1%          4    None
 Dragon Form              Tmut           #######...   17%         7    None
 Death Channel            Necr           ########..   1%          6    None
 Throw Icicle             Conj/Ice       ########     1%          4    None
 Airstrike                Air            #######...   1%          4    None
 Shadow Creatures         Summ           N/A          52%         6    None
 Confusing Touch          Hex            #####.       1%          1    None
 Flame Tongue             Conj/Fire      #####        1%          1    None
 Passwall                 Tmut/Erth      #######.     1%          2    None
 Ignite Poison            Fire/Tmut/Pois #######.     1%          3    None
 Sticks to Snakes         Tmut           #######.     1%          2    None
 Call Canine Familiar     Summ           #####...     1%          3    None
 Ensorcelled Hibernation  Hex/Ice        ######       1%          2    None
 Metabolic Englaciation   Hex/Ice        #######...   1%          5    None
 Summon Butterflies       Summ           #####...     1%          1    None
 Silence                  Hex/Air        ######....   3%          5    None
 Shatter                  Erth           ########..   92%         9    #####..
 Dispersal                Tloc           ########..   1%          6    None
 Static Discharge         Conj/Air       ########     1%          3    None
 Corona                   Hex            #####..      1%          1    None
 Alistair's Intoxication  Tmut/Pois      ######..     3%          5    None
 Lee's Rapid Deconstruct  Erth           ########..   1%          5    None
 Sandblast                Erth           ######       1%          1    None
 Simulacrum               Ice/Necr       ########..   1%          6    None
 Conjure Ball Lightning   Conj/Air       ########..   1%          6    None
 Chain Lightning          Conj/Air       ########..   6%          8    ####...
 Excruciating Wounds      Chrm/Necr      ########..   1%          5    None
 Portal Projectile        Hex/Tloc       ######       1%          3    None
 Monstrous Menagerie      Summ           #####.....   96%         7    None
 Petrify                  Tmut/Erth      #######.     1%          4    None
 Passage of Golubria      Tloc           N/A          1%          4    None
 Malign Gateway           Summ/Tloc      #######...   19%         7    None
 Tornado                  Air            #######...   100%        9    #####..
 Leda's Liquefaction      Hex/Erth       #######...   1%          4    None
 Summon Hydra             Summ           #####.....   96%         7    None
 Darkness                 Hex            #####.....   52%         6    None
 Shroud of Golubria       Chrm/Tloc      ########..   1%          2    None
 Inner Flame              Hex/Fire       #######.     1%          3    None
 Aura of Abjuration       Summ           #####.....   14%         5    None
 Beastly Appendage        Tmut           ######       1%          1    None
 Disjunction              Tloc           ########..   7%          8    ####...
 Iskenderun's Battlesphe  Conj/Chrm      ########     1%          5    None
 Fulminant Prism          Conj/Hex       #######...   1%          4    None
 Dazzling Spray           Conj/Hex       ######       1%          3    None
 Force Lance              Conj/Tloc      ########     1%          4    None
 Infusion                 Chrm           ####         1%          1    None
 Song of Slaying          Chrm           ########     1%          2    None
 Spectral Weapon          Hex/Chrm       #######.     1%          3    None
 Searing Ray              Conj           ######       1%          2    None
 Discord                  Hex            #####.....   100%        8    ####...
 Summon Forest            Summ/Tloc      #######...   1%          5    None
 Summon Lightning Spire   Summ/Air       ######..     1%          4    None
 Summon Guardian Golem    Hex/Summ       #####...     1%          3    None
 Dragon's Call            Summ           #####.....   100%        9    #####..
 Spellforged Servitor     Conj/Summ      #######...   4%          7    None
 Summon Mana Viper        Hex/Summ       #####...     14%         5    None
 Hydra Form               Tmut           #######...   4%          6    None
 Irradiate                Conj/Tmut      ########..   1%          5    None
 Gell's Gravitas          Tloc           ########..   1%          3    None
 Yara's Violent Unravell  Hex/Tmut       ######....   3%          5    None
 Infestation              Necr           ########..   4%          8    ####...
 Lesser Beckoning         Tloc           ########..   1%          3    None
 Poisonous Vapours        Pois/Air       ######       1%          2    None
 Ignition                 Fire           ########..   1%          8    ####...
 Borgnjor's Vile Clutch   Necr/Erth      ########..   1%          5    None


Dungeon Overview and Level Annotations

Branches:
Dungeon (15/15)            Temple (1/1) D:5            Lair (6/6) D:9
  Swamp (4/4) Lair:4       Spider (4/4) Lair:3        Slime (5/5) Lair:6
    Orc (2/2) D:12            Elf (3/3) Orc:2        Vaults (5/5) D:14
  Crypt (3/3) Vaults:3       Tomb (1/3) Crypt:3      Depths (5/5) D:15
   Hell (1/1)                 Dis (0/7) Hell            Geh (0/7) Hell
    Coc (0/7) Hell            Tar (0/7) Hell            Zot (5/5) Depths:5

Altars:
Ashenzari
Dithmenos
Elyvilon
Fedhas
Gozag
Kikubaaqudgha
Makhleb
Nemelex Xobeh
Qazlal
Ru
Sif Muna
Trog
Uskayaw
Vehumet
Wu Jian
Xom
Zin
The Shining One

Shops:
D:8 (=([   D:15 ?   Orc:2 [[*(=   Elf:3 =   Vaults:4 ([   Depths:1 }(}=*

Portals:
Hell: Depths:1 Depths:2 Depths:3 Depths:4 Depths:5
Abyss: Depths:1 Depths:3 Depths:4
Pandemonium: Depths:1 Depths:2 Depths:3 Depths:4
Ziggurat: Depths:5

Annotations:
D:6 exclusion: upstairs
Lair:1 exclusions: downstairs and oklob plant
Swamp:2 1 runed door
Spider:2 exclusion: downstairs
Elf:1 31 runed doors
Elf:2 3 runed doors
Vaults:1 exclusions: door and downstairs
Depths:2 1 transporter


Innate Abilities, Weirdness & Mutations

You cannot wear armour.
You are incapable of wielding weapons or throwing items.
Your paws allow you to move quietly. (Stealth)
You have sharp claws.
You have razor-sharp teeth.
You have supernaturally acute eyesight. (SInv)
You are carnivorous and can eat meat at any time.
You cover ground quickly.
Your thick and shaggy fur keeps you warm. (AC +3, rC+)
You have a slow metabolism.
Your sharp claws are effective at attacking unaware monsters.
You are partially covered in icy blue scales. (AC +2)
You are partially covered in iridescent scales. (AC +2)
You are partially covered in yellow scales. (AC +2)
Your flesh is cold resistant. (rC+)
Your system is resistant to poisons. (rPois)
Your spells are a little harder to cast, but a little more powerful.


Message History

(H) Hell (I) Dis (G) Gehenna (X) Cocytus (Y) Tartarus (Z) Zot
Where to? (Enter - D:1, ? - help)
What level of the Dungeon? (default 1, ? - help)
There is a stone staircase leading up here.
You climb upwards.
There is a stone staircase leading down here.
Magic restored.
There is a stone staircase leading up here.
You climb upwards.
There is a stone staircase leading down here.
There is a stone staircase leading up here.
You climb upwards.
There is a stone staircase leading down here.
There is a stone staircase leading up here.
You climb upwards.
There is a stone staircase leading down here.
There is an escape hatch in the floor here.
There is a staircase leading out of the dungeon here.
You have escaped!

######### #........
####.####..#
###########.......#..#
#....@....####.#......
#.........# #.......#
#.........# #.#.....#
#.........# #.......#
#.........# ####.#...
#.........# #.####
#.........# ##'##
#.........# ##...##
#.........# ##.....##


There were no monsters in sight!

Vanquished Creatures
  Cerebov (Pan)
  the Royal Jelly (Slime:5)
  Mnoleg (Pan)
  Lom Lobon (Pan)
  6 ancient liches
  The ghost of tmwh the Petrodigitator, a legendary GrEE of Vehumet (Hell)
  Khufu (Tomb:1)
  8 pandemonium lords (Pan)
  Mennas (Vaults:1)
  Mara (Tomb:1)
  7 orbs of fire
  4 greater mummies (Tomb:1)
  Saint Roka (Orc:2)
  Margery (Vaults:3)
  4 Killer Klowns
  Geryon (Hell)
  2 curse toes (Zot:5)
  4 golden dragons
  Nikola (Swamp:3)
  4 bone dragons
  Arachne (Spider:1)
  4 Tzitzimimeh
  6 liches
  12 Brimstone Fiends (Pan)
  Jorgrun (Crypt:1)
  3 electric golems
  26 Orb Guardians
  23 tentacled monstrosities
  Rupert (D:14)
  4 Ice Fiends (Pan)
  Asterion (Elf:3)
  2 titans (Vaults:5)
  4 deep elf blademasters (Elf:3)
  3 deep elf master archers (Elf:3)
  28 Executioners (Pan)
  13 acid blobs
  4 quicksilver dragons
  4 death cobs
  2 tentacled starspawn (Abyss:1)
  10 sphinxes
  6 draconian monks
  4 tengu reavers
  A thorn hunter (Swamp:4)
  10 storm dragons
  8 ancient champions
  Donald (Elf:1)
  8 warmongers (Pan)
  9 shadow dragons
  7 revenants
  7 draconian knights
  Aizul (Vaults:2)
  The ghost of htuhola the Tortoise, a journeyman DDFi of Uskayaw (Orc:1)
  7 ghost moths
  4 fire giants
  2 orc warlords
  5 iron dragons
  10 azure jellies
  45 balrugs
  4 draconian scorchers
  13 deep elf sorcerers
  21 vault wardens
  4 emperor scorpions (Spider:4)
  45 cacodemons
  3 deep elf elementalists (Elf:3)
  5 draconian shifters
  13 ghouls
  5 frost giants
  9 draconian annihilators
  19 reapers
  3 war gargoyles
  4 draconian stormcallers
  A curse skull (Pan)
  12 ironheart preservers
  The ghost of oberejnoburuli the Unseen, an adept SpEn of Dithmenos (Swamp:2)
  23 stone giants
  20 very ugly things
  7 entropy weavers
  A caustic shrike skeleton (Depths:3)
  5 blood saints (Pan)
  4 corrupters (Pan)
  2 bennus (Tomb:1)
  7 black draconians
  Nessos (D:14)
  11 lorocyprocas (Pan)
  9 vampire knights
  8 deep elf annihilators
  4 deep elf demonologists
  Azrael (D:14)
  12 green draconians
  A minotaur (shapeshifter) (Depths:4)
  8 red draconians
  11 yellow draconians
  6 black suns (Pan)
  7 spark wasps
  A spark wasp (shapeshifter) (Vaults:3)
  11 white draconians
  9 deep elf death magi
  14 purple draconians
  18 green deaths (Pan)
  11 blizzard demons
  6 eidola
  13 ettins
  7 ogre magi
  9 death oozes
  10 jiangshi
  5 mummy priests (Tomb:1)
  5 deep elf high priests
  13 fire dragons
  A peacekeeper (Elf:2)
  10 rakshasas
  16 ice dragons
  5 hell beasts (Pan)
  15 yaktaur captains
  13 great orbs of eyes
  17 monstrous demonspawn
  3 catoblepae
  25 hydras
  A juggernaut simulacrum (Pan)
  38 vault guards
  2 spriggan air magi
  6 death knights
  26 two-headed ogres
  13 dancing weapons
  9 centaur warriors
  9 death scarabs (Tomb:1)
  7 tengu warriors
  8 alligators
  5 vampire magi
  A queen ant (shapeshifter) (Depths:2)
  6 hell hogs (Hell)
  4 orc high priests
  13 deep troll shamans
  4 wretched stars
  9 deep troll earth magi
  A titan zombie (Hell)
  104 sun demons
  The ghost of epok the Grappler, a novice TrMo (D:7)
  3 spriggan berserkers
  Urug (D:14)
  4 storm dragon zombies
  55 soul eaters
  10 deep elf knights
  20 hell knights
  An iron golem (Depths:4)
  A titan skeleton (Pan)
  2 fire crabs (Abyss:2)
  55 sixfirhies
  2 storm dragon skeletons
  A cherub (Pan)
  9 shadow wraiths
  30 skeletal warriors
  2 spriggan druids (Swamp:4)
  A golden dragon zombie (Hell)
  24 deep trolls
  15 swamp dragons
  6 infernal demonspawn (Pan)
  7 shadow demons
  3 glowing orange brains
  10 torturous demonspawn (Pan)
  6 iron trolls
  12 wizards
  4 unseen horrors
  A kraken simulacrum (Hell)
  17 gelid demonspawn
  A harpy (shapeshifter) (Vaults:3)
  3 anaconda zombies
  A glowing orange brain (shapeshifter) (Depths:4)
  65 large abominations
  2 lindwurms
  5 flayed ghosts
  5 shambling mangroves
  10 orc knights
  A golden dragon skeleton (Depths:3)
  10 deep elf archers
  11 phantasmal warriors
  43 deep elf magi
  6 necromancers
  19 harpies
  15 ironbrand convokers
  3 anaconda skeletons
  2 shadow dragon skeletons
  44 wolf spiders
  27 orb spiders
  40 ugly things
  3 oklob plants (Lair:6)
  10 orc sorcerers
  4 manticores
  A sphinx skeleton (Crypt:3)
  4 shining eyes
  2 salamanders (Depths:5)
  4 cyclopes
  A frost giant zombie (Hell)
  3 worldbinders (Abyss:3)
  3 frost giant skeletons
  11 elephants
  A fire giant skeleton (Pan)
  2 centaur zombies (D:15)
  22 moths of wrath
  2 iron dragon skeletons
  A water nymph (Abyss:3)
  10 black mambas
  A shock serpent zombie (Crypt:2)
  Maurice (D:11)
  2 guardian serpents (shapeshifter)
  2 ice statues
  8 molten gargoyles
  2 stone giant skeletons
  27 vault sentinels
  A water nymph (shapeshifter) (Vaults:5)
  13 rust devils
  59 smoke demons
  An eye of devastation (Slime:2)
  4 torpor snails
  6 swamp worm zombies (Crypt:3)
  3 dire elephant skeletons
  4 gargoyles
  24 spiny frogs
  2 shock serpent skeletons
  19 hellions
  63 orange demons
  8 komodo dragons
  55 yaktaurs
  3 rime drakes
  A kobold demonologist (D:15)
  A rime drake (shapeshifter) (Vaults:1)
  37 demonic crawlers
  29 hellwings
  21 efreet (Pan)
  A spark wasp simulacrum (Depths:3)
  9 tormentors (Pan)
  22 freezing wraiths
  3 ancient zymes
  15 guardian mummies
  A queen bee (shapeshifter) (Depths:4)
  A troll (shapeshifter) (Vaults:5)
  2 hydra zombies (Hell)
  6 ice devils
  52 red devils
  A queen bee (Spider:1)
  21 tyrant leeches
  2 tengu conjurers
  A black draconian skeleton (Pan)
  A grey draconian skeleton (Crypt:3)
  3 meliai (Spider:1)
  A tengu simulacrum (Vaults:3)
  31 jumping spiders
  A shadow dragon simulacrum (Hell)
  5 trolls
  4 blink frogs
  3 hydra skeletons (Pan)
  A jumping spider zombie (Crypt:2)
  4 raiju (Abyss:1)
  A snapping turtle (shapeshifter) (Depths:4)
  A fire dragon zombie (Hell)
  34 hornets
  A hippogriff (shapeshifter) (Vaults:5)
  A satyr zombie (Crypt:1)
  15 bog bodies
  7 dream sheep
  21 flying skulls
  114 slime creatures
  16 hippogriffs
  2 air elementals
  A satyr skeleton (Crypt:2)
  2 ettin skeletons (Pan)
  2 ushabtiu (Tomb:1)
  Sigmund (D:6)
  2 fire dragon skeletons
  5 shadows
  3 alligator skeletons (Hell)
  A vampire (D:11)
  5 spriggans
  3 water elementals
  Eustachio (D:4)
  62 ynoxinuls (Pan)
  12 fire elementals
  71 redbacks
  30 tarantellas
  A wyvern (shapeshifter) (Elf:2)
  5 wyverns
  17 humans
  8 basilisks
  4 hogs (D:7)
  60 yaks
  10 wraiths
  A basilisk (shapeshifter) (Vaults:3)
  A black mamba skeleton (Crypt:1)
  18 vampire mosquitoes
  35 neqoxecs
  3 death yak simulacra (IceCv)
  A steam dragon (shapeshifter) (Vaults:3)
  41 chaos spawn (Pan)
  12 wargs
  3 insubstantial wisps (Swamp:3)
  20 swamp worms
  A spiny frog zombie (Hell)
  7 hell hounds
  2 hydra simulacra (Hell)
  An acid dragon (Vaults:1)
  13 water moccasins
  A merfolk skeleton (Pan)
  A deep troll skeleton (Crypt:3)
  A porcupine (shapeshifter) (Elf:1)
  7 porcupines
  7 swamp drakes
  6 eyes of draining
  48 orc warriors
  15 ice beasts
  3 sky beasts
  4 boggarts (Depths:2)
  A spiny frog skeleton (Hell)
  4 necrophages
  4 phantoms
  An ettin simulacrum (Crypt:1)
  An eye of draining (shapeshifter) (Vaults:1)
  An alligator simulacrum (Hell)
  10 centaurs
  5 wolves (Lair:1)
  19 ogres
  A swamp dragon skeleton (Pan)
  A dream sheep skeleton (Crypt:2)
  14 crocodiles
  2 big kobolds
  2 snapping turtle skeletons
  A hog skeleton (Crypt:3)
  A wyvern zombie (D:10)
  13 bullfrogs
  3 earth elementals
  An elf skeleton (Pan)
  A glowing shapeshifter simulacrum (Vaults:2)
  A wyvern skeleton (D:14)
  3 scorpions
  A water moccasin skeleton (D:7)
  A yak zombie (Crypt:3)
  3 small abominations
  15 killer bees
  6 howler monkeys
  12 wights
  2 electric eels (Spider:2)
  A wolf zombie (Crypt:1)
  5 lava snakes (Lair:6)
  A soldier ant zombie (Crypt:3)
  5 starcursed masses (Abyss:1)
  A wolf skeleton (Crypt:2)
  8 crimson imps
  4 draconian simulacra (IceCv)
  4 jellies
  A quasit (D:7)
  A bullfrog zombie (D:7)
  5 hounds
  A human simulacrum (Vaults:2)
  23 orc priests
  38 orc wizards
  A centaur skeleton (D:8)
  3 iguanas
  2 iron imps
  4 spriggan simulacra (IceCv)
  7 worker ants
  19 hell rats
  A polar bear simulacrum (IceCv)
  5 troll simulacra (IceCv)
  An ogre zombie (Crypt:3)
  3 centaur simulacra (IceCv)
  A naga skeleton (Crypt:3)
  26 mummies
  2 hound skeletons
  A worker ant zombie (D:5)
  Robin (D:2)
  12 gnolls
  5 adders
  A naga simulacrum (IceCv)
  3 ogre simulacra (IceCv)
  9 river rats (Lair:5)
  3 shadow imps
  14 white imps
  An adder zombie (D:8)
  An adder skeleton (D:9)
  4 worms
  A dart slug (D:1)
  10 leopard geckos
  114 orcs
  A ball python (D:2)
  9 bats
  2 giant cockroaches
  20 goblins
  12 hobgoblins
  20 jackals
  A quokka (D:3)
  22 kobolds
  A leopard gecko skeleton (Crypt:1)
  A quokka skeleton (D:6)
  A quokka zombie (Crypt:1)
  5 rats
  6 fire vortices (Pan)
  6 plants (Lair:1)
  3 starspawn tentacles (Abyss:1)
3804 creatures vanquished.

Vanquished Creatures (collateral kills)
  Gloorx Vloq (Pan)
  A golden dragon (Zot:2)
  An azure jelly (Slime:5)
  A draconian knight (Zot:4)
  2 cacodemons (Pan)
  A vault warden (Vaults:5)
  A draconian shifter (Zot:1)
  A very ugly thing (Depths:4)
  A red draconian (Zot:4)
  A yellow draconian (Zot:2)
  A purple draconian (Zot:2)
  A blizzard demon (Pan)
  A vault guard (Vaults:5)
  A gelid demonspawn (Pan)
  A deep troll (Depths:5)
  A wolf spider (Spider:3)
  2 ugly things (Depths:3)
  A moth of wrath (Zot:2)
  A deep elf mage (Elf:2)
  An orange demon (Pan)
  A yaktaur (Depths:2)
  A hellwing (Pan)
  A large abomination (Pan)
  A redback (Spider:2)
  A necrophage (Crypt:1)
  A mummy (Tomb:1)
28 creatures vanquished.

Vanquished Creatures (others)
  A storm dragon (Zot:1)
  A peacekeeper (Elf:2)
  5 death scarabs (Tomb:1)
  2 moths of wrath (Zot:5)
  A guardian mummy (Tomb:1)
  2 flying skulls (Tomb:1)
  A redback (Spider:3)
  2 mummies (Tomb:1)
  An orc (Vaults:2)
  99 blocks of ice
  325 fire vortices
  19 fungi
  28 plants
  A starspawn tentacle (Abyss:1)
488 creatures vanquished.

Grand Total: 4320 creatures vanquished

Notes
Turn   | Place    | Note
-------+----------+-------------------------------------------
     0 | D:1      | AnimeWaifu the Felid Fire Elementalist began the quest for the Orb.
     0 | D:1      | Reached XP level 1. HP: 7/7 MP: 4/4
    97 | D:1      | Reached skill level 1 in Conjurations
   413 | D:1      | Reached XP level 2. HP: 11/11 MP: 4/6
   448 | D:1      | Learned a level 2 spell: Throw Flame
  1415 | D:2      | Noticed Robin
  1424 | D:2      | Reached XP level 3. HP: 14/14 MP: 4/7
  1582 | D:1      | Learned a level 3 spell: Conjure Flame
  1637 | D:2      | Killed Robin
  1637 | D:2      | Reached skill level 2 in Conjurations
  1880 | D:2      | Reached XP level 4. HP: 18/18 MP: 3/8
  2313 | D:3      | Found a shimmering altar of Xom.
  2324 | D:3      | Found a bloodstained altar of Trog.
  2844 | D:3      | Found a burning altar of Makhleb.
  3261 | D:4      | Noticed Eustachio
  4093 | D:4      | Reached XP level 5. HP: 11/21 MP: 3/9
  5828 | D:4      | Found a shattered altar of Ashenzari.
  6018 | D:5      | Entered Level 5 of the Dungeon
  6068 | D:5      | Found a staircase to the Ecumenical Temple.
  6080 | Temple   | Entered the Ecumenical Temple
  6123 | Temple   | Became a worshipper of Sif Muna the Loreminder
  6162 | D:5      | Noticed an ogre
  6193 | D:5      | Killed an ogre
  6193 | D:5      | Reached skill level 3 in Conjurations
  6679 | D:5      | Gained mutation: You are covered in thick fur. (AC +2) [Felid growth]
  6679 | D:5      | Reached XP level 6. HP: 24/24 MP: 6/11
  6886 | D:4      | Learned a level 4 spell: Sticky Flame
  7809 | D:4      | Killed Eustachio
  8407 | D:5      | Noticed a sky beast
  8412 | D:5      | Killed a sky beast
  8412 | D:5      | Reached skill level 4 in Conjurations
  8412 | D:5      | Reached XP level 7. HP: 27/27 MP: 5/13
  8574 | D:5      | Reached skill level 5 in Fire Magic
  8603 | D:5      | Reached * piety under Sif Muna
  8925 | D:5      | Reached skill level 5 in Dodging
  9061 | D:5      | Found a sparkling altar of Nemelex Xobeh.
  9103 | D:6      | Noticed Sigmund
  9114 | D:6      | Killed Sigmund
  9224 | D:6      | Reached XP level 8. HP: 30/31 MP: 7/14
  9543 | D:6      | Reached skill level 5 in Conjurations
 10342 | D:5      | Noticed a rust devil
 10342 | D:5      | Noticed a rust devil
 10505 | D:7      | Reached ** piety under Sif Muna
 10518 | D:7      | Noticed epok's ghost (novice TrMo)
 10670 | D:7      | Killed epok's ghost
 10670 | D:7      | Reached skill level 6 in Conjurations
 10670 | D:7      | Reached XP level 9. HP: 34/34 MP: 5/17
 11017 | D:7      | Reached skill level 5 in Spellcasting
 11168 | D:7      | Reached skill level 7 in Conjurations
 11285 | D:7      | Reached *** piety under Sif Muna
 11947 | D:7      | Learned a level 5 spell: Fireball
 11965 | D:7      | Found a radiant altar of Vehumet.
 12294 | D:7      | Found an ornate altar of the Wu Jian Council.
 12361 | D:7      | You fall through a shaft for 2 floors!
 12602 | D:8      | Found Teimups's Jewellery Boutique.
 12605 | D:8      | Noticed Maurice
 12795 | D:8      | Reached XP level 10. HP: 17/37 MP: 12/19
 13596 | D:8      | Found Icsah's Weapon Shoppe.
 13798 | D:8      | Found Rocatimm's Antique Armour Shoppe.
 13939 | D:8      | Reached **** piety under Sif Muna
 14263 | D:8      | Reached skill level 8 in Conjurations
 14385 | D:8      | Found Kirercho's Weapon Shop.
 14801 | D:9      | Got a shimmering bone amulet
 14837 | D:9      | Found a staircase to the Lair.
 15558 | D:10     | Entered Level 10 of the Dungeon
 16300 | D:10     | Reached skill level 1 in Fighting
 16344 | D:10     | Noticed a gargoyle
 16347 | D:10     | Killed a gargoyle
 16401 | D:10     | Reached ***** piety under Sif Muna
 16423 | D:10     | Got a transparent silver ring
 16469 | D:10     | Reached skill level 9 in Conjurations
 16699 | D:10     | Noticed a gargoyle
 17065 | D:10     | Killed a gargoyle
 17337 | D:10     | Identified Sif Muna's Spellweaving Continued (Sif Muna gifted it to you on level 10 of the Dungeon)
 17337 | D:10     | Received a gift from Sif Muna
 17346 | D:10     | Learned a level 3 spell: Mephitic Cloud
 17429 | D:10     | Identified the amulet "Jettudy" {RegenMP rF+ Int+4} (You found it on level 9 of the Dungeon)
 17434 | D:10     | Identified the ring of Neurosis {rF+ Dex+3} (You found it on level 10 of the Dungeon)
 17512 | Lair:1   | Entered Level 1 of the Lair of Beasts
 17699 | Lair:1   | Noticed a six-headed hydra
 17787 | Lair:1   | Killed a six-headed hydra
 17787 | Lair:1   | Reached XP level 11. HP: 23/43 MP: 10/22
 18206 | D:8      | Bought the ring "Iplofozi" {rElec rPois rC+ Dex-3 SInv} for 534 gold pieces
 18394 | Lair:1   | Noticed an oklob plant
 20128 | Lair:1   | Reached skill level 5 in Stealth
 20255 | Lair:1   | Slain by a wolf
 20256 | Lair:1   | Reached XP level 10. HP: -1/41 MP: 21/21
 20383 | Lair:2   | Noticed a spiny frog
 20395 | Lair:1   | Killed a spiny frog
 20585 | Lair:2   | Noticed a spiny frog
 20596 | Lair:1   | Reached skill level 10 in Fire Magic
 20813 | Lair:1   | Killed a spiny frog
 21023 | Lair:2   | Noticed a spiny frog
 21046 | Lair:2   | Killed a spiny frog
 21139 | Lair:2   | Killed a black mamba
 21139 | Lair:2   | Reached skill level 10 in Conjurations
 21205 | Lair:2   | Reached XP level 11. HP: 46/46 MP: 9/23
 21572 | Lair:3   | Found a hole to the Spider Nest.
 22139 | Lair:3   | Reached skill level 5 in Fighting
 22679 | Lair:3   | Learned a level 6 spell: Bolt of Fire
 22681 | Lair:3   | Reached skill level 1 in Air Magic
 23459 | Lair:3   | Gained mutation: Your thick and shaggy fur keeps you warm. (AC +3, rC+) [Felid growth]
 23459 | Lair:3   | Reached XP level 12. HP: 42/54 MP: 4/25
 23471 | Lair:3   | Noticed a five-headed hydra
 23830 | Lair:3   | Killed a five-headed hydra
 23830 | Lair:3   | Reached skill level 10 in Stealth
 24424 | Lair:3   | Found a hole to the Spider Nest.
 25146 | Lair:4   | Noticed a seven-headed hydra
 25184 | Lair:3   | Reached skill level 10 in Dodging
 25435 | Lair:4   | Found a staircase to the Swamp.
 25705 | Lair:4   | Found a frozen archway.
 25799 | IceCv    | Entered an ice cave
 25923 | IceCv    | Identified Sif Muna's Almanac of Confrontation (Sif Muna gifted it to you in an ice cave)
 25923 | IceCv    | Received a gift from Sif Muna
 26343 | IceCv    | Found an ancient bone altar of Kikubaaqudgha.
 26449 | IceCv    | Reached skill level 5 in Air Magic
 26911 | Lair:4   | Noticed a catoblepas
 26922 | Lair:4   | Killed a catoblepas
 26922 | Lair:4   | Reached XP level 13. HP: 48/58 MP: 0/26
 29551 | Lair:6   | Entered Level 6 of the Lair of Beasts
 29775 | Lair:5   | Identified Dispater's Volume of Conjuration and Illusion (Sif Muna gifted it to you on level 5 of the Lair of Beasts)
 29775 | Lair:5   | Received a gift from Sif Muna
 30680 | Lair:6   | Reached skill level 11 in Conjurations
 31836 | Lair:5   | Learned a level 4 spell: Iskenderun's Mystic Blast
 31863 | Lair:6   | Found a large runed door.
 31889 | Lair:6   | Noticed a fire dragon
 31890 | Lair:6   | Found a large runed door.
 31895 | Lair:6   | Reached XP level 14. HP: 60/63 MP: 19/28
 33270 | D:11     | Received a gift from Sif Muna
 33983 | D:11     | Killed Maurice
 34038 | D:12     | Found a staircase to the Orcish Mines.
 35303 | Orc:1    | Entered Level 1 of the Orcish Mines
 35339 | Orc:1    | Noticed htuhola's ghost (journeyman DDFi)
 35413 | Orc:1    | Reached skill level 12 in Conjurations
 35483 | Orc:1    | Killed htuhola's ghost
 36064 | Orc:2    | Entered Level 2 of the Orcish Mines
 36467 | Orc:2    | Found a staircase to the Elven Halls.
 37057 | Orc:1    | Identified Sif Muna's Tome of Attacks and Execration (Sif Muna gifted it to you on level 1 of the Orcish Mines)
 37057 | Orc:1    | Received a gift from Sif Muna
 37482 | Orc:2    | Noticed an orc warlord
 37540 | Orc:2    | Killed an orc warlord
 38755 | Orc:2    | Noticed Saint Roka
 39751 | Orc:1    | Learned a level 7 spell: Orb of Destruction
 39795 | Orc:2    | Killed Saint Roka
 39795 | Orc:2    | Reached skill level 10 in Spellcasting
 40030 | Orc:2    | Found Gemej's Antique Armour Emporium.
 40224 | Orc:2    | Reached XP level 15. HP: 66/66 MP: 16/30
 40438 | Orc:2    | Found Luffitix's Antique Armour Boutique.
 40439 | Orc:2    | Found Keol's Antique Weapon Boutique.
 40440 | Orc:2    | Found Doduada's General Store.
 40440 | Orc:2    | Found Xunahen's Jewellery Shop.
 40698 | D:13     | Reached skill level 13 in Conjurations
 40760 | D:13     | Found the ring of the Mage {Wiz MR++ Int+3}
 41064 | D:13     | Identified Sif Muna's Compendium of Fetching Transformation (Sif Muna gifted it to you on level 13 of the Dungeon)
 41064 | D:13     | Received a gift from Sif Muna
 41799 | D:14     | Found a gate to the Vaults.
 41799 | D:14     | Noticed Urug
 41799 | D:14     | Noticed Nessos
 41799 | D:14     | Noticed Rupert
 42019 | D:14     | Noticed Azrael
 42424 | D:14     | Killed Rupert
 42716 | D:14     | Found an opulent altar of Gozag.
 43185 | D:14     | Killed Nessos
 43333 | D:14     | Found a gate to the Vaults.
 43515 | D:14     | Killed Urug
 43691 | D:14     | Killed Azrael
 43933 | D:15     | Entered Level 15 of the Dungeon
 44942 | D:15     | Found a staircase to the Depths.
 44952 | D:15     | Reached skill level 14 in Conjurations
 45073 | D:15     | Found Navieraw's Magic Scroll Boutique.
 45183 | D:15     | Bought a scroll of blinking for 82 gold pieces
 45664 | Swamp:1  | Entered Level 1 of the Swamp
 46686 | Swamp:2  | Noticed oberejnoburuli's ghost (adept SpEn)
 46687 | Swamp:2  | Identified Ywekk's Guide on the Frigorific Voyage (Sif Muna gifted it to you on level 2 of the Swamp)
 46687 | Swamp:2  | Received a gift from Sif Muna
 46775 | Swamp:2  | Reached XP level 16. HP: 70/70 MP: 14/32
 47023 | Swamp:2  | Paralysed by a hornet for 2 turns
 47024 | Swamp:2  | Mangled by a shambling mangrove
 47025 | Swamp:2  | Reached XP level 15. HP: -9/66 MP: 13/31
 47916 | Swamp:2  | Killed oberejnoburuli's ghost
 48194 | Swamp:2  | Learned a level 4 spell: Passage of Golubria
 48196 | Swamp:2  | Found a runed door.
 48518 | Swamp:3  | Reached skill level 1 in Translocations
 49235 | Swamp:3  | Identified Sif Muna's Disquisition on Shifting Evil (Sif Muna gifted it to you on level 3 of the Swamp)
 49235 | Swamp:3  | Received a gift from Sif Muna
 49266 | Swamp:3  | Noticed Nikola
 49298 | Swamp:3  | Killed Nikola
 49451 | Swamp:3  | Reached skill level 15 in Fire Magic
 49583 | Swamp:3  | Reached skill level 15 in Conjurations
 49901 | Swamp:3  | Identified a scroll of acquirement
 49902 | Swamp:3  | Got a shimmering ruby amulet
 49903 | Swamp:3  | Identified the amulet of Fanaticism {Harm *Drain rElec rN+ Slay+3} (You acquired it on level 3 of the Swamp)
 50161 | Swamp:4  | Entered Level 4 of the Swamp
 50389 | Swamp:4  | Reached skill level 5 in Translocations
 51430 | Swamp:4  | Reached XP level 16. HP: 70/70 MP: 15/33
 52022 | Swamp:4  | Noticed a thorn hunter
 52026 | Swamp:4  | Killed a thorn hunter
 52358 | Swamp:4  | Got a decaying rune of Zot
 52531 | Spider:1 | Entered Level 1 of the Spider Nest
 53949 | Spider:1 | Received a gift from Sif Muna
 55646 | Spider:2 | Noticed Arachne
 55654 | Spider:1 | Killed Arachne
 55654 | Spider:1 | Reached skill level 10 in Fighting
 56251 | Spider:1 | Learned a level 3 spell: Ignite Poison
 56861 | Spider:2 | Got a coiled tin ring
 56863 | Spider:2 | Identified the ring "Hain Vebre" {+Fly rPois rC+ SInv Stlth+} (You found it on level 2 of the Spider Nest)
 57423 | Spider:2 | Reached XP level 17. HP: 77/77 MP: 8/34
 58009 | Spider:3 | Reached skill level 15 in Stealth
 58982 | Spider:3 | Reached skill level 15 in Dodging
 58983 | Spider:3 | Mangled by a tyrant leech
 58984 | Spider:3 | Reached XP level 16. HP: -9/75 MP: 15/33
 60447 | Spider:4 | Entered Level 4 of the Spider Nest
 61269 | Spider:4 | Found the -2 hat of the Alchemist {rElec rPois rF+ rC+ rN+ MR+ rMut rCorr}
 61277 | Spider:4 | Received a gift from Sif Muna
 62888 | Spider:4 | Reached XP level 17. HP: 79/79 MP: 20/34
 63015 | Spider:4 | Got a gossamer rune of Zot
 63488 | Vaults:1 | Entered Level 1 of the Vaults
 63831 | Vaults:1 | Mangled by a skeletal warrior
 63832 | Vaults:1 | Reached XP level 16. HP: -6/76 MP: 23/33
 64668 | Vaults:1 | Learned a level 6 spell: Deflect Missiles
 65024 | D:14     | Identified Sif Muna's Volume of Confrontation (Sif Muna gifted it to you on level 14 of the Dungeon)
 65024 | D:14     | Received a gift from Sif Muna
 66116 | Vaults:1 | Reached skill level 16 in Conjurations
 66549 | Vaults:2 | Noticed Mennas
 66943 | Vaults:2 | HP: 2/76 [wolf spider (16)]
 68053 | Vaults:2 | Noticed Aizul
 68062 | Vaults:2 | Killed Aizul
 68146 | Vaults:2 | Reached XP level 17. HP: 79/79 MP: 8/34
 69053 | Vaults:2 | Received a gift from Sif Muna
 70620 | Vaults:3 | Reached skill level 17 in Conjurations
 71575 | Vaults:3 | Received a gift from Sif Muna
 71821 | Vaults:3 | Noticed Margery
 71832 | Vaults:3 | Killed Margery
 71832 | Vaults:3 | Reached XP level 18. HP: 71/84 MP: 2/36
 72195 | Vaults:3 | Got a brightly glowing brass ring
 72281 | Vaults:3 | HP: 3/84 [stone giant/large rock (45)]
 73339 | Vaults:3 | Noticed a bone dragon
 73374 | Vaults:3 | Killed a bone dragon
 73898 | Vaults:3 | Identified Sif Muna's Disquisition on Attacks (Sif Muna gifted it to you on level 3 of the Vaults)
 73898 | Vaults:3 | Received a gift from Sif Muna
 74861 | Vaults:3 | Found a staircase to the Crypt.
 75394 | Vaults:3 | Found a staircase to the Crypt.
 76760 | Vaults:4 | Reached skill level 18 in Conjurations
 76925 | Vaults:4 | Reached skill level 1 in Charms
 77811 | Vaults:4 | Reached XP level 19. HP: 87/87 MP: 15/38
 77980 | Vaults:4 | Found Buherphawn's Antique Armour Emporium.
 78033 | Vaults:4 | Reached ****** piety under Sif Muna
 78626 | Vaults:4 | Identified Sif Muna's Disquisition on Conjuration (Sif Muna gifted it to you on level 4 of the Vaults)
 78626 | Vaults:4 | Received a gift from Sif Muna
 78799 | Vaults:4 | Reached skill level 5 in Charms
 79616 | Vaults:4 | Found Efosenwu's Weapon Shoppe.
 79709 | Vaults:4 | Identified the ring "Gotabrat" {rElec rPois EV+1 Slay+3 SInv} (You took it off a frost giant on level 3 of the Vaults)
 79841 | Elf:1    | Entered Level 1 of the Elven Halls
 80280 | Elf:1    | Found a huge runed gate.
 80280 | Elf:1    | Found a huge runed gate.
 80280 | Elf:1    | Found a huge runed gate.
 80284 | Elf:1    | Found a huge runed gate.
 80285 | Elf:1    | Found a huge runed gate.
 80285 | Elf:1    | Found a huge runed gate.
 80285 | Elf:1    | Found a huge runed gate.
 80295 | Elf:1    | Found a huge runed gate.
 80296 | Elf:1    | Found a huge runed gate.
 80299 | Elf:1    | Found a huge runed gate.
 80299 | Elf:1    | Found a huge runed gate.
 80299 | Elf:1    | Found a huge runed gate.
 80299 | Elf:1    | Found a huge runed gate.
 80299 | Elf:1    | Found a huge runed gate.
 80299 | Elf:1    | Found a huge runed gate.
 80300 | Elf:1    | Found a huge runed gate.
 80301 | Elf:1    | Found a huge runed gate.
 80302 | Elf:1    | Found a huge runed gate.
 80311 | Elf:1    | Found a huge runed gate.
 80311 | Elf:1    | Found a huge runed gate.
 80311 | Elf:1    | Found a huge runed gate.
 80311 | Elf:1    | Found a huge runed gate.
 80311 | Elf:1    | Found a huge runed gate.
 80311 | Elf:1    | Found a huge runed gate.
 80311 | Elf:1    | Found a huge runed gate.
 80350 | Elf:1    | Found a huge runed gate.
 80356 | Elf:1    | Found a huge runed gate.
 80356 | Elf:1    | Found a huge runed gate.
 80357 | Elf:1    | Found a huge runed gate.
 80360 | Elf:1    | Found a huge runed gate.
 80361 | Elf:1    | Found a huge runed gate.
 80545 | Elf:1    | Noticed Donald
 80964 | Elf:1    | Killed Donald
 81117 | Elf:1    | Identified Ehaapnut's Catalogue of Supportive Arcane Weapons
 81305 | Elf:1    | Learned a level 9 spell: Fire Storm
 81945 | Elf:2    | Found a ruined gateway.
 82299 | Elf:2    | Found a runed gate.
 82299 | Elf:2    | Found a runed gate.
 82300 | Elf:2    | Found a runed gate.
 82543 | Elf:3    | Entered Level 3 of the Elven Halls
 82564 | Elf:3    | Noticed Asterion
 82581 | Elf:3    | Identified Ymper's Volume of Augmentations (Sif Muna gifted it to you on level 3 of the Elven Halls)
 82581 | Elf:3    | Received a gift from Sif Muna
 82736 | Elf:3    | Reached skill level 15 in Spellcasting
 82896 | Elf:3    | Found Xenadif's Jewellery Shoppe.
 83212 | Elf:3    | Gained mutation: Your body sometimes deteriorates upon taking damage. [a cacodemon]
 84026 | Elf:3    | Killed Asterion
 84828 | Elf:3    | Reached XP level 20. HP: 81/91 MP: 22/40
 84854 | Elf:3    | HP: 1/91 [deep elf blademaster/rapier (25)]
 85731 | Elf:3    | Received a gift from Sif Muna
 86158 | Elf:3    | Identified the Disquisition on Battle Magic
 86239 | Elf:3    | Identified the Almanac of Supportive Weightlessness
 86471 | Elf:3    | Found Xenadif's Jewellery Shoppe.
 86963 | Depths:1 | Entered Level 1 of the Depths
 87106 | Depths:1 | Found a one-way gate to the infinite horrors of the Abyss.
 87656 | Depths:1 | Found a one-way gate leading to the halls of Pandemonium.
 87833 | Depths:1 | Found Geutwo's Gadget Emporium.
 87833 | Depths:1 | Found Ygaovam's Weapon Shoppe.
 87835 | Depths:1 | Found Hoah's Jewellery Emporium.
 87935 | Depths:1 | Found Meschav's Gadget Shoppe.
 88013 | Depths:1 | Reached skill level 10 in Charms
 88326 | Depths:1 | Found Fuyzujih's Demolitions Depot.
 88534 | Depths:1 | Found a gateway to Hell.
 88706 | Depths:1 | Bought a manual of Conjurations for 1876 gold pieces
 88706 | Depths:1 | Bought a manual of Evocations for 1876 gold pieces
 88749 | Depths:2 | Reached skill level 19 in Conjurations
 89047 | Depths:2 | Identified Sif Muna's Guide on the Gliding Rocks (Sif Muna gifted it to you on level 2 of the Depths)
 89047 | Depths:2 | Received a gift from Sif Muna
 90039 | Depths:2 | Found a transporter.
 91175 | Depths:2 | Reached XP level 21. HP: 61/95 MP: 24/41
 91176 | Depths:2 | Identified Sif Muna's Further Progress in Thaumaturgy (Sif Muna gifted it to you on level 2 of the Depths)
 91176 | Depths:2 | Received a gift from Sif Muna
 91934 | Depths:3 | Reached skill level 20 in Conjurations
 93174 | Depths:4 | Received a gift from Sif Muna
 94242 | Depths:4 | Reached skill level 21 in Conjurations
 94512 | Depths:4 | Received a gift from Sif Muna
 95622 | Depths:5 | Entered Level 5 of the Depths
 96125 | Depths:5 | Found a gateway to a ziggurat.
 96467 | Depths:5 | Reached XP level 22. HP: 99/99 MP: 29/42
 96623 | Depths:5 | Found a gate to the Realm of Zot.
 96706 | Depths:5 | Received a gift from Sif Muna
 97945 | Crypt:1  | Entered Level 1 of the Crypt
 98535 | Crypt:1  | Noticed Jorgrun
 98587 | Crypt:1  | Killed Jorgrun
 98587 | Crypt:1  | Reached skill level 22 in Conjurations
 99221 | Crypt:1  | Identified Sif Muna's Catalogue of Cankerous Orientation (Sif Muna gifted it to you on level 1 of the Crypt)
 99221 | Crypt:1  | Received a gift from Sif Muna
101402 | Crypt:3  | Entered Level 3 of the Crypt
102863 | Crypt:3  | Got a shimmering platinum ring
102884 | Crypt:3  | Identified Sif Muna's Incunabulum of Icy Transmutation (Sif Muna gifted it to you on level 3 of the Crypt)
102884 | Crypt:3  | Received a gift from Sif Muna
103019 | Crypt:3  | Reached XP level 23. HP: 102/102 MP: 25/43
103284 | Crypt:3  | Found a staircase to the Tomb.
103757 | Crypt:3  | Found the bloodstained robe
103821 | Crypt:3  | Got a scintillating lapis lazuli ring
103887 | Crypt:3  | Noticed an ancient lich
103887 | Crypt:3  | Noticed an ancient lich
104144 | Crypt:3  | Killed an ancient lich
104145 | Crypt:3  | Killed an ancient lich
104368 | Crypt:3  | Got a smoking turquoise ring
104904 | Crypt:2  | Identified the ring "Waomori" {rElec rN+ Str+5} (You took it off a skeletal warrior on level 3 of the Crypt)
104905 | Crypt:2  | Identified the ring "Geimixza" {+Blink rPois rN+ Str-2 SInv} (You took it off a skeletal warrior on level 3 of the Crypt)
104906 | Crypt:2  | Identified the ring "Jujagit" {rF- rN+ Str+4 Int+3} (You took it off an ancient champion on level 3 of the Crypt)
105272 | Vaults:4 | Learned a level 8 spell: Death's Door
105495 | Vaults:5 | Entered Level 5 of the Vaults
105497 | Vaults:5 | Reached skill level 1 in Necromancy
105505 | Vaults:5 | Identified Sif Muna's Grimoire of Clay and the Voyage (Sif Muna gifted it to you on level 5 of the Vaults)
105505 | Vaults:5 | Received a gift from Sif Muna
105508 | Vaults:5 | Reached skill level 23 in Conjurations
106476 | Vaults:5 | Learned a level 8 spell: Controlled Blink
106630 | Vaults:5 | Identified the Collected Works on Warped Ignition
106637 | Vaults:5 | Got a silver rune of Zot
106732 | Vaults:5 | Noticed an ancient lich
106756 | Vaults:5 | Killed an ancient lich
106876 | Vaults:5 | Reached skill level 5 in Necromancy
107242 | Vaults:5 | Identified Sif Muna's Handbook of Ghastly Confrontation (Sif Muna gifted it to you on level 5 of the Vaults)
107242 | Vaults:5 | Received a gift from Sif Muna
107838 | Vaults:5 | Reached XP level 24. HP: 106/106 MP: 22/43
109507 | Lair:6   | Found a staircase to the Slime Pits.
109533 | Slime:1  | Entered Level 1 of the Pits of Slime
109631 | Slime:1  | Identified Sif Muna's Handbook of the Bouncing Beds (Sif Muna gifted it to you on level 1 of the Pits of Slime)
109631 | Slime:1  | Received a gift from Sif Muna
109891 | Slime:1  | Reached skill level 10 in Translocations
111021 | Slime:5  | Entered Level 5 of the Pits of Slime
111531 | Slime:5  | Noticed the Royal Jelly
111541 | Slime:5  | Killed the Royal Jelly
112026 | Slime:5  | Received a gift from Sif Muna
112582 | Slime:5  | Identified the Disquisition on the Snowflakes and Changing
112589 | Slime:5  | Got a slimy iron ring
112628 | Slime:5  | Got a slimy rune of Zot
112708 | Lair:6   | Identified the cursed ring of Past Mistakes {*Slow EV-2 Str+2 Int+10 Dex+4} (You found it on level 5 of the Pits of Slime)
113040 | Depths:1 | Voluntarily entered the Abyss.
113055 | Abyss:1  | Learned a level 1 spell: Apportation
113064 | Abyss:1  | Found a transporter.
113445 | Abyss:2  | Found a corrupted altar of Lugonu.
113503 | Abyss:2  | Found a corrupted altar of Lugonu.
113674 | Abyss:3  | Found a corrupted altar of Lugonu.
113777 | Abyss:3  | Paralysed by you for 4 turns
113912 | Abyss:3  | Got an abyssal rune of Zot
113927 | Depths:1 | Escaped the Abyss
114150 | Depths:1 | Learned a level 9 spell: Glaciate
114271 | Zot:1    | Entered Level 1 of the Realm of Zot
114865 | Zot:1    | Identified Edemm's Tome of the Dark Compass (Sif Muna gifted it to you on level 1 of the Realm of Zot)
114865 | Zot:1    | Received a gift from Sif Muna
114878 | Zot:1    | Noticed an orb of fire
114998 | Zot:1    | Gained mutation: You expend magic power (3 MP) to strengthen your wands. [an orb of fire]
115000 | Zot:1    | Killed an orb of fire
115000 | Zot:1    | Reached skill level 10 in Necromancy
115004 | Zot:1    | Reached XP level 25. HP: 110/110 MP: 20/44
116061 | Zot:1    | Reached skill level 15 in Charms
117527 | Zot:2    | Received a gift from Sif Muna
117713 | Zot:2    | Reached skill level 15 in Translocations
118208 | Zot:2    | Reached skill level 1 in Ice Magic
119768 | Zot:4    | Identified Hirch's Guide on Dark Rites (Sif Muna gifted it to you on level 4 of the Realm of Zot)
119768 | Zot:4    | Received a gift from Sif Muna
120294 | Zot:4    | Reached skill level 5 in Ice Magic
120294 | Zot:4    | Reached XP level 26. HP: 118/118 MP: 3/45
121246 | Pan      | Entered Pandemonium
121583 | Pan      | Reached skill level 1 in Invocations
121960 | Pan      | Reached skill level 15 in Fighting
122086 | Pan      | Received a gift from Sif Muna
122140 | Pan      | Found a runed door.
122625 | Pan      | Noticed Rixecran the pandemonium lord
122655 | Pan      | Killed Rixecran the pandemonium lord
123442 | Pan      | Entered the realm of Mnoleg.
123450 | Pan      | Gained mutation: You are frail. (-10% HP) [a neqoxec]
123611 | Pan      | Gained mutation: You occasionally shout uncontrollably at your foes. [a cacodemon]
124612 | Pan      | Identified the Collected Works on Spatial Stolen Souls
124792 | Pan      | Gained mutation: You are occasionally teleported next to monsters. [a neqoxec]
124884 | Pan      | Gained mutation: You are very frail. (-20% HP) [a cacodemon]
124893 | Pan      | Gained mutation: You are extremely frail. (-30% HP) [a neqoxec]
125135 | Pan      | Reached skill level 5 in Invocations
125201 | Pan      | Received a gift from Sif Muna
125600 | Pan      | Noticed Mnoleg
125849 | Pan      | Killed Mnoleg
125895 | Pan      | Gained mutation: Your magical capacity is low. (-10% MP) [a cacodemon]
126066 | Pan      | Got a glowing rune of Zot
126282 | Pan      | Lost mutation: Your magical capacity is low. (-10% MP) [potion of mutation]
126282 | Pan      | Lost mutation: You are extremely frail. (-30% HP) [potion of mutation]
126282 | Pan      | Gained mutation: Your spells are a little harder to cast, but a little more powerful. [potion of mutation]
126282 | Pan      | Gained mutation: Your muscles are strong. (Str +2) [potion of mutation]
126283 | Pan      | Lost mutation: You expend magic power (3 MP) to strengthen your wands. [potion of mutation]
126283 | Pan      | Lost mutation: Your muscles are strong. (Str +2) [potion of mutation]
126283 | Pan      | Lost mutation: Your spells are a little harder to cast, but a little more powerful. [potion of mutation]
126283 | Pan      | Lost mutation: Your body sometimes deteriorates upon taking damage. [potion of mutation]
126283 | Pan      | Gained mutation: You sometimes yell uncontrollably at your foes. [potion of mutation]
126283 | Pan      | Gained mutation: You are surrounded by a mild repulsion field. (EV +2) [potion of mutation]
126284 | Pan      | Lost mutation: You are very frail. (-20% HP) [potion of mutation]
126284 | Pan      | Lost mutation: You are frail. (-10% HP) [potion of mutation]
126284 | Pan      | Gained mutation: You are resistant to hostile enchantments. (MR+) [potion of mutation]
126284 | Pan      | Gained mutation: Your spells are a little harder to cast, but a little more powerful. [potion of mutation]
126284 | Pan      | Gained mutation: You are highly resistant to hostile enchantments. (MR++) [potion of mutation]
126285 | Pan      | Lost mutation: Your spells are a little harder to cast, but a little more powerful. [potion of mutation]
126285 | Pan      | Lost mutation: You are occasionally teleported next to monsters. [potion of mutation]
126285 | Pan      | Gained mutation: You are partially covered in iridescent scales. (AC +2) [potion of mutation]
126285 | Pan      | Gained mutation: You are robust. (+10% HP) [potion of mutation]
126656 | Pan      | Noticed Lahoust the pandemonium lord
127239 | Pan      | Found an exit through the horrors of the Abyss.
127412 | Pan      | Reached XP level 27. HP: 139/139 MP: 34/46
127793 | Pan      | Lost mutation: You are robust. (+10% HP) [a neqoxec]
128873 | Pan      | Received a gift from Sif Muna
129098 | Pan      | Noticed Todoh the pandemonium lord
129107 | Pan      | Killed Todoh the pandemonium lord
129837 | Pan      | Reached skill level 10 in Ice Magic
130364 | Pan      | Gained mutation: You tend to lose your temper in combat. [a cacodemon]
130689 | Pan      | Entered the realm of Cerebov.
130689 | Pan      | Noticed Cerebov
131744 | Pan      | Got a pitted ivory ring
131752 | Pan      | Got a pitted glass ring
132058 | Pan      | Reached skill level 15 in Necromancy
132160 | Pan      | Received a gift from Sif Muna
134828 | Pan      | Received a gift from Sif Muna
135173 | Pan      | Got a scorched ivory ring
135415 | Pan      | Got a fiery rune of Zot
135852 | Pan      | Noticed Cerebov
136636 | Pan      | Found an exit through the horrors of the Abyss.
136645 | Pan      | Took an exit into the Abyss.
136645 | Abyss:1  | Escaped into the Abyss
136655 | Depths:4 | Escaped the Abyss
136819 | Zot:5    | Entered Level 5 of the Realm of Zot
137803 | Zot:5    | Reached skill level 10 in Invocations
138054 | Zot:5    | Noticed an orb of fire
138055 | Zot:5    | Gained mutation: You are frail. (-10% HP) [an orb of fire]
138060 | Zot:5    | Killed an orb of fire
138326 | Zot:5    | Noticed an orb of fire
138348 | Zot:5    | Received a gift from Sif Muna
138379 | Zot:5    | Noticed an orb of fire
138386 | Zot:5    | Killed an orb of fire
138419 | Zot:5    | Noticed an ancient lich
138427 | Zot:5    | Killed an ancient lich
138640 | Zot:5    | Noticed an orb of fire
138640 | Zot:5    | Noticed an ancient lich
138655 | Zot:5    | Killed an orb of fire
138670 | Zot:5    | Killed an ancient lich
138895 | Zot:5    | Noticed an orb of fire
138897 | Zot:5    | Gained mutation: You frequently scream uncontrollably at your foes. [an orb of fire]
138898 | Zot:5    | Gained mutation: Your body sometimes deteriorates upon taking damage. [an orb of fire]
138911 | Zot:5    | Killed an orb of fire
139202 | Zot:5    | Killed an orb of fire
139634 | Zot:5    | Noticed an orb of fire
139639 | Zot:5    | Killed an orb of fire
139646 | Zot:5    | Received a gift from Sif Muna
139646 | Zot:5    | Reached skill level 15 in Ice Magic
139763 | Zot:5    | Lost mutation: You are frail. (-10% HP) [potion of mutation]
139763 | Zot:5    | Lost mutation: You are surrounded by a mild repulsion field. (EV +2) [potion of mutation]
139763 | Zot:5    | Lost mutation: You tend to lose your temper in combat. [potion of mutation]
139763 | Zot:5    | Lost mutation: You frequently scream uncontrollably at your foes. [potion of mutation]
139763 | Zot:5    | Gained mutation: Potions are less effective at restoring your health. [potion of mutation]
139763 | Zot:5    | Gained mutation: Your mind is acute. (Int +2) [potion of mutation]
139763 | Zot:5    | Gained mutation: Your magical capacity is low. (-10% MP) [potion of mutation]
139763 | Zot:5    | Gained mutation: You are agile. (Dex +2) [potion of mutation]
139764 | Zot:5    | Lost mutation: You sometimes yell uncontrollably at your foes. [potion of mutation]
139764 | Zot:5    | Lost mutation: You occasionally shout uncontrollably at your foes. [potion of mutation]
139764 | Zot:5    | Lost mutation: Your mind is acute. (Int +2) [potion of mutation]
139764 | Zot:5    | Lost mutation: You are agile. (Dex +2) [potion of mutation]
139764 | Zot:5    | Gained mutation: You are partially covered in yellow scales. (AC +2) [potion of mutation]
139764 | Zot:5    | Gained mutation: You are surrounded by a mild repulsion field. (EV +2) [potion of mutation]
139765 | Zot:5    | Lost mutation: Your magical capacity is low. (-10% MP) [potion of mutation]
139765 | Zot:5    | Lost mutation: You are highly resistant to hostile enchantments. (MR++) [potion of mutation]
139765 | Zot:5    | Gained mutation: Your system is resistant to poisons. (rPois) [potion of mutation]
139765 | Zot:5    | Gained mutation: Your spells are a little harder to cast, but a little more powerful. [potion of mutation]
140015 | Pan      | Entered the realm of Lom Lobon.
140015 | Pan      | Entered Pandemonium
140015 | Pan      | Found an exit through the horrors of the Abyss.
141111 | Pan      | Noticed Lom Lobon
141125 | Pan      | Killed Lom Lobon
141247 | Pan      | Got a magical rune of Zot
142298 | Pan      | Found an exit through the horrors of the Abyss.
142515 | Pan      | Noticed Fasacsi the pandemonium lord
142528 | Pan      | Killed Fasacsi the pandemonium lord
142630 | Pan      | Got a scorched marble ring
142646 | Pan      | Identified the ring "Luofiott" {Fire +Inv rN++ MR- SInv} (You took it off a red devil in Pandemonium)
142647 | Pan      | Identified the ring of Fragile Peace {MR+ Int+2 Stlth+} (You took it off an efreet in Pandemonium)
142648 | Pan      | Identified the ring "Had Pugot" {rC++ Dex+3 Slay+3 SInv Stlth-} (You took it off a red devil in Pandemonium)
142649 | Pan      | Identified the ring of Xoaddot {rElec rPois rN+ Str+4} (You found it in Pandemonium)
142757 | Pan      | Entered the realm of Gloorx Vloq.
142999 | Pan      | Received a gift from Sif Muna
144972 | Pan      | Noticed Gloorx Vloq
144988 | Pan      | Killed Gloorx Vloq
145039 | Pan      | Got a dark rune of Zot
145483 | Pan      | Gained mutation: You tend to lose your temper in combat. [a cacodemon]
145624 | Pan      | Noticed Cerebov
146211 | Pan      | Received a gift from Sif Muna
146575 | Pan      | Killed Cerebov
146839 | Pan      | Gained mutation: Your magical capacity is low. (-10% MP) [a cacodemon]
146844 | Depths:4 | Escaped Pandemonium
146974 | Pan      | Entered Pandemonium
146979 | Pan      | Lost strength.
147703 | Pan      | Found an exit through the horrors of the Abyss.
148279 | Pan      | Noticed Susisisoi the pandemonium lord
148284 | Pan      | Killed Susisisoi the pandemonium lord
148789 | Pan      | Received a gift from Sif Muna
148888 | Pan      | Noticed Wakher the pandemonium lord
148896 | Pan      | Killed Wakher the pandemonium lord
149435 | Pan      | Found an exit through the horrors of the Abyss.
151097 | Pan      | Received a gift from Sif Muna
151667 | Pan      | Noticed Jor Otot the pandemonium lord
151671 | Pan      | Killed Jor Otot the pandemonium lord
152238 | Pan      | Gained mutation: You are frail. (-10% HP) [a cacodemon]
152342 | Pan      | Noticed Beeng the pandemonium lord
152445 | Pan      | Killed Beeng the pandemonium lord
152445 | Pan      | Received a gift from Sif Muna
152805 | Pan      | Found an exit through the horrors of the Abyss.
152936 | Pan      | Noticed Kuweil the pandemonium lord
152942 | Pan      | Killed Kuweil the pandemonium lord
152949 | Pan      | Gained mutation: You are weak. (Str -2) [a cacodemon]
152981 | Pan      | Got a demonic rune of Zot
153038 | Pan      | Took an exit into the Abyss.
153038 | Abyss:1  | Escaped into the Abyss
153040 | Abyss:1  | Found a corrupted altar of Lugonu.
153266 | Depths:4 | Escaped the Abyss
153267 | Depths:4 | Lost mutation: You are resistant to hostile enchantments. (MR+) [potion of mutation]
153267 | Depths:4 | Lost mutation: You are surrounded by a mild repulsion field. (EV +2) [potion of mutation]
153267 | Depths:4 | Lost mutation: Your body sometimes deteriorates upon taking damage. [potion of mutation]
153267 | Depths:4 | Lost mutation: Your spells are a little harder to cast, but a little more powerful. [potion of mutation]
153267 | Depths:4 | Gained mutation: Your flesh is heat resistant. (rF+) [potion of mutation]
153268 | Depths:4 | Lost mutation: You tend to lose your temper in combat. [potion of mutation]
153268 | Depths:4 | Lost mutation: Your magical capacity is low. (-10% MP) [potion of mutation]
153268 | Depths:4 | Lost mutation: You are weak. (Str -2) [potion of mutation]
153268 | Depths:4 | Lost mutation: Your flesh is heat resistant. (rF+) [potion of mutation]
153269 | Depths:4 | Lost mutation: You are frail. (-10% HP) [potion of mutation]
153269 | Depths:4 | Lost mutation: Potions are less effective at restoring your health. [potion of mutation]
153269 | Depths:4 | Gained mutation: You are partially covered in icy blue scales. (AC +2) [potion of mutation]
153269 | Depths:4 | Gained mutation: Your flesh is cold resistant. (rC+) [potion of mutation]
153269 | Depths:4 | Gained mutation: Your spells are a little harder to cast, but a little more powerful. [potion of mutation]
153404 | Depths:4 | Learned a level 6 spell: Statue Form
153408 | Depths:4 | Learned a level 3 spell: Regeneration
153452 | Hell     | Entered the Vestibule of Hell
153452 | Hell     | Noticed Geryon
153452 | Hell     | Noticed tmwh's ghost (legendary GrEE)
153454 | Hell     | Reached skill level 1 in Earth Magic
153458 | Hell     | Killed Geryon
153597 | Hell     | Received a gift from Sif Muna
153599 | Hell     | HP: 6/134 [tmwh's ghost (8)]
154028 | Depths:4 | Reached skill level 5 in Earth Magic
154352 | Hell     | Reached skill level 15 in Invocations
154844 | Hell     | Received a gift from Sif Muna
154855 | Depths:4 | Reached skill level 10 in Earth Magic
155694 | Hell     | Killed tmwh's ghost
156109 | Hell     | Found a gateway to the freezing wastes of Cocytus.
156186 | Hell     | Found a gateway to the Iron City of Dis.
156270 | Hell     | Received a gift from Sif Muna
156336 | Hell     | Found a gateway to the ashen valley of Gehenna.
156397 | Hell     | Found a gateway to the decaying netherworld of Tartarus.
156441 | Hell     | Learned a level 8 spell: Necromutation
156810 | Vaults:1 | Killed Mennas
156810 | Vaults:1 | Reached skill level 1 in Transmutations
157005 | Tomb:1   | Entered Level 1 of the Tomb of the Ancients
157144 | Tomb:1   | Noticed a greater mummy
157156 | Tomb:1   | Killed a greater mummy
157158 | Tomb:1   | Noticed a greater mummy
157164 | Tomb:1   | Killed a greater mummy
157480 | Tomb:1   | Noticed Mara
157496 | Tomb:1   | Noticed AnimeWaifu's illusion
157596 | Tomb:1   | Reached skill level 5 in Transmutations
157949 | Tomb:1   | Noticed Khufu
158029 | Tomb:1   | Killed Khufu
158446 | Tomb:1   | Noticed a greater mummy
158453 | Tomb:1   | Killed a greater mummy
158453 | Tomb:1   | Received a gift from Sif Muna
158647 | Tomb:1   | Killed Mara
158888 | Tomb:1   | Noticed a greater mummy
158898 | Tomb:1   | Killed a greater mummy
160032 | Zot:5    | Got the Orb of Zot
160092 | Zot:5    | Noticed an ancient lich
160095 | Zot:5    | Killed an ancient lich
160553 | D:$      | Escaped with the Orb!

Vault maps used:
D:1:      lemuel_arrival_broad_hall
D:2:      uniq_robin
D:3:      grunt_temple_overflow_open, makhleb_heckhound_becter,
          skrybe_limestone_x, hangedman_feature_mirror
D:4:      kennysheep_mini_moat, first_ration, uniq_eustachio
D:5:      cheibrodos_iron_armory, marbit_many_paths, minmay_temple_entry_trees
D:6:      st_stairs_5, uniq_sigmund
D:7:      corexii_shantytown, old_standard_altar, grunt_livestock,
          hangedman_abyss_or_decor_stabs, vehumet_altar_wand_db
D:8:      serial_shops, shop, shop, shop, shop, uniq_maurice
D:9:      lair_entry_dummy
D:12:     orc_0_dummy, hangedman_decor_growths
D:14:     david_vaults_3, serial_column_ruins, column_ruins_hut_water,
          column_ruins_grid_3, column_ruins_grid_1, column_ruins_grid_1,
          column_ruins_grid_1, column_ruins_open_tiny_water,
          serial_bayou_pond_a, grunt_gozag_statues, uniq_azrael
D:15:     grunt_enter_depths_magical_seal, serial_shops, shop_scrolls,
          small_statue_intersection, minmay_misc_feat_nine_boxes, minivault_8
Temple:   eino_temple_rhombus
Lair:1:   serial_forest, infiniplex_forest_lined_corner,
          infiniplex_forest_straight_3, infiniplex_forest_lined_corner,
          infiniplex_forest_side_room, infiniplex_forest_side_room,
          infiniplex_forest_zigzag_1, wad_woods_03, infiniplex_staircase_pool_2,
          grunt_megastairs_2, minmay_lair_oklob_chamber
Lair:2:   nicolae_quartered_pool_medium
Lair:3:   nicolae_spider_entry_tight_spaces, nzn_random_ring,
          serial_bayou_shore_b, lemuel_fruit_tree
Lair:4:   minmay_swamp_entry_swarm, portal_ice_cave_entry_ice_beasts
Lair:5:   kennysheep_rathole, infiniplex_staircase_pool
Lair:6:   cheibrodos_lair_end_hotspot, minmay_slime_entry_oklob_enclosed
Swamp:1:  nicolae_swamp_dense_foliage, swamp_pool1
Swamp:2:  gammafunk_mikee_crab_dinner, evilmike_swamp_ruin_house_3, swamp_pool1,
          st_swamp_mini
Swamp:3:  evilmike_swamp_ruin_house_2, uniq_nikola
Swamp:4:  swamp_basic_johnstein, swamp_pool2, nicolae_swamp_triple_paths
Spider:1: nicolae_looking_at_the_future, hangedman_spider_tarantella_strand
Spider:2: nicolae_arachne_temple
Spider:3: cheibrodos_forgotten_conduit, worms_lemuel
Spider:4: guppyfry_spider_rune
Slime:1:  nicolae_slime_ancient_tower_intersection
Slime:3:  nicolae_slime_pool
Slime:5:  uniq_dissolution
Orc:1:    nicolae_volcano_entry_vermiform, mines2_lemuel
Orc:2:    st_orc_congregation, serial_shops, nicolae_shop_statue_plus,
          guppyfry_library_mini, uniq_saint_roka
Elf:1:    minmay_elf_sorcery, door_vault, uniq_donald
Elf:2:    portal_desolation_entry_twin_temple
Elf:3:    minmay_elf_hall_furrowed, serial_shops, nicolae_shop_statue_plus,
          uniq_asterion
Vaults:1: nicolae_vaults_three_branches, nicolae_vaults_inception_statues,
          v_pattern_4, ontoclasm_vaults_chip, ontoclasm_vaults_spin,
          hangedman_vaults_capsules, vaults_dpeg_ring, v_misc_10,
          ontoclasm_vaults_pinch, vaults_room_octagon,
          grunt_vaults_hallway_short
Vaults:2: hangedman_vaults_cutoff, vaults_mumra_bighexcomb,
          nicolae_vaults_big_ls, vaults_room_large_hall, vaults_dpeg_cross,
          nicolae_vaults_big_angled_halls, hangedman_vaults_locks,
          ontoclasm_vaults_shuriken, vaults_mumra_chevron, v_misc_10,
          nicolae_vaults_little_squares_3, v_misc_24, uniq_mennas, uniq_aizul
Vaults:3: v_alt_pattern_1, st_greater_box_3, grunt_vaults_bifocal,
          nicolae_vaults_theta, minmay_crypt_entry_nasty_monster, v_misc_11,
          ontoclasm_vaults_hangar, uniq_margery
Vaults:4: v_rooms_3, nicolae_vaults_puzzle_piece, vaults_mumra_lcd, v_misc_28,
          nicolae_vaults_asterisk, nicolae_vaults_mini_display_case,
          vaults_dpeg_hooks, v_misc_26, v_alt_pattern_1,
          vaults_room_mumra_shop_pool, ontoclasm_vaults_twist, serial_shops,
          shop_fountains
Crypt:1:  grunt_crypt_arrival_guarded_gate, grunt_megastairs_4, uniq_jorgrun
Crypt:2:  st_stairs_14
Crypt:3:  david_glass_crypt, nicolae_tomb_entry_unfolded_pyramid_diagonal,
          lemuel_dead_fish_pool, wad_floor_pattern_untrapped,
          serial_sigils_hangedman_gnaw
Tomb:1:   uniq_mara, uniq_khufu, uniq_jory
Depths:1: abyss_entry_small_statue_room, lightli_too_deep,
          rand_demon_pan_entry_5, minmay_misc_feat_plants,
          serial_sigils_hangedman_etch, minmay_misc_feat_rugged,
          hangedman_abyss_or_decor_slice, corexii_hall_statues_t,
          nicolae_blasting_shop, minmay_shoptagon
Depths:2: gammafunk_the_bubble, pan_entry, grunt_hell_entry_dis_mu,
          minmay_misc_feat_doors, patterned_corridor
Depths:3: kennysheep_spiral_hall, rand_demon_pan_entry_7, abyss_entry,
          minmay_misc_feat_columns, hell_entry, infiniplex_staircase_trident
Depths:4: minmay_quarter_circles, serial_sigils, serial_sigils_hangedman_carve,
          serial_sigils_hangedman_stare, serial_sigils_hangedman_snap,
          serial_sigils_hangedman_snap, hell_entry, rand_demon_pan_entry_8,
          abyss_entry_crystal
Depths:5: evilmike_zot_entry_hall, enter_ziggurat_b, nrook_mini_backslash,
          hellmouth_1, st_stairs_14
Zot:2:    kennysheep_room_grid
Zot:3:    grunt_megastairs_3
Abyss:1:  gammafunk_abyss_exit_x_factor, evilmike_abyss_exit_5
Abyss:2:  grunt_abyss_exit_deep_breaths, hangedman_abyss_shoalhut
Abyss:3:  hangedman_abyss_or_decor_jellyfish_corner,
          nicolae_abyss_rune_star_stuff, onia_ninara_dug_in_and_dangerous
Pan:      evilmike_mini_pan_corridor, pan_blood_fountain_small, rand_demon_7,
          evilmike_mini_pan_corner, rand_demon_9, pan_surprise,
          nicolae_pan_mnolegish_1, nicolae_pan_sigil_uleosi, rand_demon_1,
          mnoleg, evilmike_mini_pan_possible_glass, nicolae_pan_mnolegish_3,
          rand_demon_9, pan_blood_fountain_small, nicolae_pan_cerebovesque_2,
          nicolae_pan_hourglass, grunt_pan_pentagram, rand_demon_2,
          reaverb_pan_chaos_star, evilmike_cerebov_lava,
          nicolae_pan_strange_glyphs, lemuel_hall_of_pain, uniq_cerebov,
          evilmike_mini_pan_doors_b, reaverb_pan_figure_eight, rand_demon_3,
          lom_lobon_st, pan_blood_fountain, evilmike_mini_pan_diamond,
          pan_blood_fountain_small, nicolae_pan_sigil_obb,
          evilmike_mini_pan_branches, pan_blood_fountain_small,
          nicolae_pan_cerebovesque_2, grunt_pan_frozen_over, pan_blood_fountain,
          gloorx_vloq_grunt, reaverb_pan_squares, evilmike_mini_pan_thingy,
          uniq_cerebov, evilmike_mini_pan_pillars, pan_blood_fountain_small,
          rand_demon_2, nicolae_pan_double_arrow, rand_demon_5,
          evilmike_mini_pan_T, nicolae_pan_gloorx_vloqian_2,
          evilmike_mini_pan_doors_b, pan_blood_fountain,
          evilmike_mini_pan_other_thingy, rand_demon_5,
          pan_blood_fountain_small, grunt_pan_zigzag, grunt_pan_sceptre,
          rand_demon_2
IceCv:    ice_cave_small_necro

Skill      XL: |  1  2  3  4  5  6  7  8  9 10 11 12 13 14 15 16 17 18 19 20 21 22 23 24 25 26 27 |
---------------+----------------------------------------------------------------------------------+-----
Conjurations   | 1 2 3 4 6 7 10 11 12 15 16 17 18 19 21 22 23 | 23.3
Fire Magic     | 3 4 5 6 8 10 11 12 15 16 17 18 19 20 21 22 | 22.3
Dodging        | 3 4 5 6 8 9 11 12 14 15 20 | 20.0
Spellcasting   | 3 4 5 7 8 9 10 12 13 14 15 16 17 18 20 | 20.6
Stealth        | 6 9 11 12 14 15 | 15.0
Fighting       | 4 7 8 12 11 14 16 20 | 20.0
Air Magic      | 2 5 8 |  8.0
Translocations | 5 8 13 15 | 15.0
Charms         | 3 8 10 12 14 15 | 15.0
Necromancy     | 6 10 12 14 16 | 16.2
Ice Magic      | 5 8 20 | 20.0
Invocations    | 6 15 | 15.0
Earth Magic    | 12 | 12.4
Transmutations | 7 |  7.7

Action                   |  1- 3 |  4- 6 |  7- 9 | 10-12 | 13-15 | 16-18 | 19-21 | 22-24 | 25-27 || total
-------------------------+-------+-------+-------+-------+-------+-------+-------+-------+-------++-------
Melee: Unarmed           |     2 |    15 |    14 |   657 |     1 |     5 |     1 |     9 |     8 ||   712
       Bite              |       |     2 |     3 |   117 |       |       |       |     2 |     1 ||   125
 Cast: Flame Tongue      |    66 |   161 |   227 |   469 |   171 |       |       |       |       ||  1094
       Throw Flame       |     7 |     9 |    14 |    30 |    61 |    23 |       |       |       ||   144
       Sticky Flame      |       |     2 |    18 |    43 |    30 |     5 |       |       |       ||    98
       Conjure Flame     |       |       |     5 |     8 |       |       |       |       |       ||    13
       Fireball          |       |       |       |    82 |   133 |   154 |    11 |     4 |       ||   384
       Mephitic Cloud    |       |       |       |     2 |     8 |     5 |     3 |       |       ||    18
       Bolt of Fire      |       |       |       |    19 |   546 |   888 |   519 |   615 |   954 ||  3541
       Iskenderun's Myst |       |       |       |       |    36 |       |       |       |       ||    36
       Orb of Destructio |       |       |       |       |    40 |   107 |   145 |   100 |   819 ||  1211
       Deflect Missiles  |       |       |       |       |       |     4 |     5 |     2 |     3 ||    14
       Fire Storm        |       |       |       |       |       |       |    34 |    63 |   138 ||   235
       Controlled Blink  |       |       |       |       |       |       |       |     3 |    10 ||    13
       Apportation       |       |       |       |       |       |       |       |     2 |     6 ||     8
       Death's Door      |       |       |       |       |       |       |       |       |     5 ||     5
       Glaciate          |       |       |       |       |       |       |       |       |   100 ||   100
       Necromutation     |       |       |       |       |       |       |       |       |     9 ||     9
       Regeneration      |       |       |       |       |       |       |       |       |     2 ||     2
Invok: Divine Energy     |       |       |     1 |       |       |       |       |       |       ||     1
       Forget Spell      |       |       |       |       |     3 |     1 |     3 |     2 |     1 ||    10
       Channel Magic     |       |       |       |       |       |       |       |       |    24 ||    24
Evoke: Wand              |       |       |    22 |    16 |    47 |    12 |     2 |     8 |    19 ||   126
  Use: Scroll            |     5 |     7 |     2 |    14 |    13 |     8 |    13 |    17 |    22 ||   101
       Potion            |       |       |       |     3 |     2 |     7 |     1 |     8 |    28 ||    49
 Stab: Paralysed         |       |       |     3 |       |       |       |       |       |       ||     3
       Sleeping          |       |       |       |     1 |       |     1 |       |       |       ||     2
       Distracted        |       |       |       |       |       |       |       |     2 |       ||     2
  Eat: Chunk             |    10 |    13 |    13 |    50 |   219 |   220 |   143 |    77 |   137 ||   882
       Ration            |       |       |       |     1 |    16 |    29 |     2 |    28 |    50 ||   126
Armor: Skin              |     5 |    13 |     8 |     8 |     5 |    11 |     2 |    10 |    23 ||    85
Dodge: Dodged            |    17 |   159 |    97 |   244 |   286 |   624 |   221 |   329 |   735 ||  2712
       Deflected         |       |       |       |       |       |    19 |    55 |    40 |    46 ||   160

Table legend:
 A = Spawn XP
 B = Non-spawn XP
 C = Spawn XP percentage of total XP
 D = Spawn monster count
 E = Non-spawn monster count
 F = Spawn count percentage of total count
 G = Total turns spent on level
                    A         B        C        D         E        F      G
               +---------+---------+-------+---------+---------+-------+---------
         Total |  311534 | 2486307 |  11.1 |     468 |    3322 |  12.3 | 160553
               +---------+---------+-------+---------+---------+-------+---------
           D:1 |       0 |      20 |   0.0 |       0 |      12 |   0.0 |  1026
           D:2 |       0 |      79 |   0.0 |       0 |      27 |   0.0 |  1285
           D:3 |       0 |     128 |   0.0 |       0 |      26 |   0.0 |  2765
           D:4 |       0 |     293 |   0.0 |       0 |       5 |   0.0 |  2757
           D:5 |       0 |     620 |   0.0 |       0 |      18 |   0.0 |  1341
           D:6 |       0 |     980 |   0.0 |       0 |      19 |   0.0 |  1497
           D:7 |       0 |    2829 |   0.0 |       0 |      52 |   0.0 |  2256
           D:8 |       0 |    1419 |   0.0 |       0 |      26 |   0.0 |  1545
           D:9 |       0 |    1505 |   0.0 |       0 |      35 |   0.0 |  2002
          D:10 |       0 |    2649 |   0.0 |       0 |      32 |   0.0 |  1587
          D:11 |       0 |    6189 |   0.0 |       0 |      34 |   0.0 |  1165
          D:12 |       0 |    3633 |   0.0 |       0 |      19 |   0.0 |  1432
          D:13 |       0 |    7609 |   0.0 |       0 |      28 |   0.0 |  1517
          D:14 |       0 |   18902 |   0.0 |       0 |      40 |   0.0 |  2680
          D:15 |       0 |   19285 |   0.0 |       0 |      43 |   0.0 |  2127
        Lair:1 |       0 |    4976 |   0.0 |       0 |      20 |   0.0 |  3419
        Lair:2 |       0 |    2639 |   0.0 |       0 |      11 |   0.0 |  1010
        Lair:3 |       0 |   17247 |   0.0 |       0 |      70 |   0.0 |  3979
        Lair:4 |       0 |   10390 |   0.0 |       0 |      34 |   0.0 |  2789
        Lair:5 |       0 |    4297 |   0.0 |       0 |      29 |   0.0 |  1228
        Lair:6 |       0 |   20284 |   0.0 |       0 |      64 |   0.0 |  3448
       Swamp:1 |       0 |    8475 |   0.0 |       0 |      19 |   0.0 |  1228
       Swamp:2 |       0 |   17974 |   0.0 |       0 |      37 |   0.0 |  1780
       Swamp:3 |       0 |   20460 |   0.0 |       0 |      48 |   0.0 |  1527
       Swamp:4 |       0 |   25509 |   0.0 |       0 |      51 |   0.0 |  2212
      Spider:1 |       0 |   29770 |   0.0 |       0 |      77 |   0.0 |  3594
      Spider:2 |       0 |   26002 |   0.0 |       0 |      74 |   0.0 |  2873
      Spider:3 |       0 |   26757 |   0.0 |       0 |      65 |   0.0 |  1874
      Spider:4 |       0 |   33616 |   0.0 |       0 |      62 |   0.0 |  2051
       Slime:1 |       0 |   10159 |   0.0 |       0 |      17 |   0.0 |   569
       Slime:2 |       0 |    6350 |   0.0 |       0 |      16 |   0.0 |   278
       Slime:3 |       0 |    5805 |   0.0 |       0 |      13 |   0.0 |   552
       Slime:4 |       0 |    5025 |   0.0 |       0 |      11 |   0.0 |   878
       Slime:5 |       0 |   38645 |   0.0 |       0 |      28 |   0.0 |   339
         Orc:1 |       0 |    7009 |   0.0 |       0 |      47 |   0.0 |  2598
         Orc:2 |       0 |   20899 |   0.0 |       0 |     114 |   0.0 |  2688
         Elf:1 |       0 |   14273 |   0.0 |       0 |      22 |   0.0 |  1628
         Elf:2 |       0 |   20518 |   0.0 |       0 |      33 |   0.0 |  1510
         Elf:3 |       0 |   73666 |   0.0 |       0 |      61 |   0.0 |  3881
      Vaults:1 |       0 |   46478 |   0.0 |       0 |      72 |   0.0 |  3578
      Vaults:2 |       0 |   46863 |   0.0 |       0 |      73 |   0.0 |  3236
      Vaults:3 |       0 |  105433 |   0.0 |       0 |     116 |   0.0 |  6359
      Vaults:4 |       0 |   55530 |   0.0 |       0 |      90 |   0.0 |  3679
      Vaults:5 |       0 |  136588 |   0.0 |       0 |     120 |   0.0 |  3418
       Crypt:1 |       0 |   40494 |   0.0 |       0 |      61 |   0.0 |  2362
       Crypt:2 |       0 |   31244 |   0.0 |       0 |      38 |   0.0 |  1894
       Crypt:3 |       0 |   73289 |   0.0 |       0 |      69 |   0.0 |  2790
        Tomb:1 |       0 |   86159 |   0.0 |       0 |      71 |   0.0 |  2557
      Depths:1 |       0 |   34612 |   0.0 |       0 |      45 |   0.0 |  1752
      Depths:2 |       0 |   31291 |   0.0 |       0 |      43 |   0.0 |  2591
      Depths:3 |       0 |   36202 |   0.0 |       0 |      44 |   0.0 |  1697
      Depths:4 |       0 |   82304 |   0.0 |       0 |      72 |   0.0 |  6059
      Depths:5 |       0 |   53615 |   0.0 |       0 |      54 |   0.0 |  3495
          Hell |       0 |   76718 |   0.0 |       0 |     105 |   0.0 |   821
         Zot:1 |       0 |   70447 |   0.0 |       0 |      33 |   0.0 |  1949
         Zot:2 |       0 |   67810 |   0.0 |       0 |      47 |   0.0 |  1701
         Zot:3 |       0 |   24710 |   0.0 |       0 |      12 |   0.0 |  1501
         Zot:4 |       0 |   58181 |   0.0 |       0 |      41 |   0.0 |   552
         Zot:5 |       0 |  216807 |   0.0 |       0 |      62 |   0.0 |  3164
       Abyss:1 |   11845 |    4397 |  72.9 |      13 |      13 |  50.0 |   643
       Abyss:2 |    2466 |    3571 |  40.8 |       3 |       5 |  37.5 |    72
       Abyss:3 |     989 |    8108 |  10.9 |       5 |      15 |  25.0 |   410
           Pan |  296234 |  571968 |  34.1 |     447 |     528 |  45.8 | 28292
         IceCv |       0 |    6603 |   0.0 |       0 |      54 |   0.0 |  1012
               +---------+---------+-------+---------+---------+-------+---------
